 Dungeon Crawl Stone Soup version 0.31-a0-167-g1c394c0614 (webtiles) character file.

Game seed: 14962349175180217371

1999 qw the Skirmisher (level 9, -4/82 HPs)
             Began as a Naga Hunter on June 14, 2023.
             Was an Initiate of Okawaru.
             Engulfed by a steam dragon's steam (11 damage)
             ... on level 6 of the Dungeon.
             The game lasted 00:02:13 (5152 turns).

qw the Skirmisher (Naga Hunter)                     Turns: 5152, Time: 00:02:14

Health: -4/82      AC:  7    Str: 14    XL:     9   Next: 21%
Magic:  12/12      EV: 10    Int:  9    God:    Okawaru [......]
Gold:   345        SH:  0    Dex: 19    Spells: 8/8 levels left

rFire   . . .        Y - +0 arbalest
rCold   . . .        (shield currently unavailable)
rNeg    . . .        c - +0 leather armour
rPois   +            (no helmet)
rElec   .            d - +2 cloak
rCorr   .            (no gloves)
SInv    +            (no barding)
Will    +....        (no amulet)
Stlth   ++           (no ring)
HPRegen 0.33/turn    (no ring)
MPRegen 0.13/turn

%: no passive effects
@: about to teleport, short of breath, very slow
A: AC +3, large, see invisible, deformed body, poison resistance, slowness 2,
spit poison 1, naga tail 1
a: Spit Poison, Renounce Religion


You were on level 6 of the Dungeon.
You worshipped Okawaru.
Okawaru was noncommittal.
You visited 2 branches of the dungeon, and saw 7 of its levels.

You collected 345 gold pieces.


Innate Abilities, Weirdness & Mutations

Your serpentine skin is tough. (AC +3)
You have supernaturally acute eyesight. (SInv)
Armour fits poorly on your strangely shaped body.
Your system is resistant to poisons. (rPois)
You cover ground very slowly.
You can spit poison.
You have a snake-like lower body.


   Skills:
 + Level 5.7 Fighting
 - Level 9.0 Ranged Weapons
 - Level 1.5 Armour
 - Level 3.0 Dodging
 - Level 1.5 Stealth
 - Level 4.1 Invocations


You had 8 spell levels left.
You didn't know any spells.
Your spell library was empty.

Inventory:

Hand Weapons
 Y - a +0 arbalest (weapon)
Armour
 c - a +0 leather armour (worn)
 d - a +2 cloak (worn)
Scrolls
 b - 3 scrolls of enchant armour
 e - 2 scrolls of immolation {unknown}
 l - 3 scrolls of teleportation
Potions
 a - 2 potions of curing
 f - a potion of degeneration {unknown}
 g - 2 potions of might {unknown}
 h - a potion of heal wounds {unknown}
 i - a potion of ambrosia {unknown}
 j - 2 potions of haste {unknown}
 k - a potion of brilliance {unknown}

Dungeon Overview and Level Annotations

Branches:
Dungeon (6/15)             Temple (1/1) D:5

Altars:
Ashenzari
Cheibriados
Dithmenos
Fedhas
Gozag
Hepliaklqana
Makhleb
Okawaru
Qazlal
Ru
Sif Muna
Trog
Uskayaw
Wu Jian
Yredelemnul
The Shining One

Annotations:
D:2 1 runed translucent door, Crazy Yiuf
D:4 1 runed translucent door, qw's ghost, amateur GrHu
D:6 3 runed translucent doors, qw's ghost, amateur GrFi; qw's ghost, novice GrFi


Message History

The adder is severely wounded.
The steam dragon breathes steam at you. The ball of steam hits you!
You shoot a bolt.
The bolt hits the steam dragon but does no damage.
The steam dragon is almost dead.
You are engulfed in a cloud of scalding steam.
The steam dragon barely misses you.
The steam dragon claws you but does no damage.
You shoot a bolt.
The bolt hits the steam dragon but does no damage.
The steam dragon is almost dead.
You are engulfed in a cloud of scalding steam.
The steam dragon bites you. The steam dragon barely misses you.
The steam dragon misses you. The steam dragon claws you.
5149 ||| READING 4 scrolls of teleportation.
As you read the scroll of teleportation, it crumbles to dust.
You feel strangely unstable. The steam dragon closely misses you.
The steam dragon claws you but does no damage.
You shoot a bolt.
The bolt closely misses the steam dragon.
The bolt barely misses the adder.
You have got your breath back.
The steam dragon barely misses you. x2
5151 ||| INVOKING Spit Poison.
Aiming: Spit Poison (1% risk of failure)
Press: ? - help, Shift-Dir - straight line, f/p - steam dragon The splash of poison hits the steam dragon but does no damage.
The steam dragon is poisoned.
The steam dragon is almost dead.
The steam dragon breathes steam at you. The ball of steam misses you.
You shoot a bolt.
The bolt closely misses the steam dragon.
The bolt hits the adder!
You kill the adder!
Okawaru accepts your kill.
You are engulfed in a cloud of scalding steam.
You die...

#..#.##.........###
#.. #.###......).# #
.. ..# #........###
######...........
#...........## #
#####.#..##...####
#.. #.....##.##.###
#
?....##.######.##.#
# ..8..%D@# #..#.# #
#...###.# #..#.# # #
..< #....######
...#. ..#.....##...
########............
###..........
#..........
#..........
##.........


You could see a steam dragon (poisoned, catching breath).

Vanquished Creatures
  Eustachio (D:6)
  Edmund (D:6)
  A water moccasin (D:6)
  3 black bears
  2 ice beasts
  2 ogres (D:6)
  Blork the orc (D:6)
  4 scorpions (D:5)
  A bullfrog (D:6)
  2 howler monkeys
  4 hounds
  An orc priest (D:6)
  2 jellies (D:6)
  Ijyb (D:5)
  3 iguanas
  Natasha (thrice) (D:2)
  6 adders
  3 gnolls (D:3)
  A shadow imp (D:6)
  2 ufetubi (D:5)
  5 dart slugs
  21 orcs
  8 ball pythons
  4 bats
  9 endoplasms
  14 giant cockroaches
  3 goblins
  6 hobgoblins
  2 quokkas
  4 frilled lizards
  6 kobolds
  4 rats
130 creatures vanquished.

Notes
Turn   | Place    | Note
-------+----------+-------------------------------------------
     0 | D:1      | qw the Naga Hunter began the quest for the Orb.
     0 | D:1      | Reached XP level 1. HP: 19/19 MP: 1/1
     0 | D:1      | 0 ||| qw: Version: 0.2-a-29-g1fa15c8
     0 | D:1      | 0 ||| qw: Game counter: 4943
     0 | D:1      | 0 ||| qw: Always use a shield: true
     0 | D:1      | 0 ||| qw: God list: Okawaru
     0 | D:1      | 0 ||| qw: Allow faded altars: false
     0 | D:1      | 0 ||| qw: Do Orc after D:15 true
     0 | D:1      | 0 ||| qw: Do second Lair branch before Depths: true
     0 | D:1      | 0 ||| qw: Lair rune preference: random
     0 | D:1      | 0 ||| qw: Plans: Normal
     0 | D:1      | 0 ||| PLANNING D:1-11
    24 | D:1      | 24 ||| INVOKING Spit Poison.
    28 | D:1      | 28 ||| INVOKING Spit Poison.
    50 | D:1      | 50 ||| INVOKING Spit Poison.
   107 | D:1      | 107 ||| INVOKING Spit Poison.
   127 | D:1      | 127 ||| INVOKING Spit Poison.
   128 | D:1      | Reached skill level 4 in Ranged Weapons
   128 | D:1      | Reached XP level 2. HP: 26/26 MP: 2/2
   132 | D:1      | 132 ||| INVOKING Spit Poison.
   204 | D:1      | 204 ||| INVOKING Spit Poison.
   375 | D:1      | 375 ||| READING scroll labelled MAK WYKKODOIG.
   378 | D:1      | 378 ||| INVOKING Spit Poison.
   551 | D:1      | Found a faded altar of an unknown god.
   656 | D:1      | 656 ||| INVOKING Spit Poison.
   778 | D:1      | 778 ||| INVOKING Spit Poison.
   851 | D:1      | 851 ||| READING scroll labelled ESTUCO ISEGANE.
   855 | D:1      | 855 ||| READING scroll labelled YNINKO SUROE.
   856 | D:1      | 856 ||| READING scroll labelled CIPOOFO HOIRGHI.
   857 | D:1      | 857 ||| READING 3 scrolls labelled HIN ON RIZO.
   859 | D:1      | 859 ||| DROPPING scroll of butterflies.
   881 | D:2      | 881 ||| INVOKING Spit Poison.
   883 | D:2      | Reached XP level 3. HP: 32/32 MP: 3/3
   971 | D:2      | 971 ||| INVOKING Spit Poison.
   981 | D:2      | 981 ||| INVOKING Spit Poison.
  1073 | D:2      | Noticed Natasha
  1075 | D:2      | 1075 ||| INVOKING Spit Poison.
  1079 | D:2      | 1079 ||| INVOKING Spit Poison.
  1080 | D:2      | Killed Natasha
  1081 | D:2      | Reached skill level 5 in Ranged Weapons
  1081 | D:2      | Reached XP level 4. HP: 23/39 MP: 4/4
  1105 | D:2      | Noticed Natasha
  1106 | D:2      | Killed Natasha
  1142 | D:2      | Found an opulent altar of Gozag.
  1278 | D:2      | Noticed Natasha
  1279 | D:2      | 1279 ||| INVOKING Spit Poison.
  1283 | D:2      | Killed Natasha
  1284 | D:2      | Reached skill level 3 in Fighting
  1295 | D:2      | Reached XP level 5. HP: 49/49 MP: 5/5
  1297 | D:2      | 1297 ||| INVOKING Spit Poison.
  1326 | D:2      | 1326 ||| INVOKING Spit Poison.
  1497 | D:2      | 1497 ||| INVOKING Spit Poison.
  1501 | D:2      | 1501 ||| INVOKING Spit Poison.
  1514 | D:2      | 1514 ||| INVOKING Spit Poison.
  1517 | D:2      | 1517 ||| INVOKING Spit Poison.
  1520 | D:2      | 1520 ||| INVOKING Spit Poison.
  1528 | D:2      | 1528 ||| INVOKING Spit Poison.
  1613 | D:2      | Found a runed translucent door.
  1614 | D:2      | Noticed Crazy Yiuf
  1912 | D:2      | 1912 ||| UPGRADING to +2 cloak.
  1917 | D:2      | 1917 ||| DROPPING +6 ring of intelligence.
  1918 | D:2      | 1918 ||| READING scroll labelled UTINWIF VUTS.
  1977 | D:3      | 1977 ||| INVOKING Spit Poison.
  1980 | D:3      | 1980 ||| INVOKING Spit Poison.
  1989 | D:3      | 1989 ||| READING scroll of enchant weapon.
  1989 | D:3      | 1989 ||| ENCHANTING +1 heavy shortbow.
  1991 | D:3      | 1991 ||| INVOKING Spit Poison.
  2014 | D:3      | 2014 ||| INVOKING Spit Poison.
  2020 | D:3      | 2020 ||| INVOKING Spit Poison.
  2025 | D:3      | 2025 ||| INVOKING Spit Poison.
  2051 | D:3      | Identified the +8 dagger of Interdependent Arising {speed,
                  | Fly Int+5 Dex+2}
  2093 | D:3      | 2093 ||| INVOKING Spit Poison.
  2096 | D:3      | 2096 ||| INVOKING Spit Poison.
  2099 | D:3      | 2099 ||| INVOKING Spit Poison.
  2417 | D:3      | 2417 ||| READING 4 scrolls labelled XARASENYEDD.
  2418 | D:3      | 2418 ||| READING 2 scrolls labelled ESTERIUTYX.
  2419 | D:3      | 2419 ||| READING scroll labelled HOS COMUXI.
  2420 | D:3      | 2420 ||| DRINKING 2 golden potions.
  2421 | D:3      | 2421 ||| DRINKING 2 smoky ruby potions.
  2422 | D:3      | 2422 ||| DROPPING potion of magic.
  2423 | D:3      | 2423 ||| DROPPING 3 scrolls of fog.
  2424 | D:3      | 2424 ||| DROPPING scroll of fear.
  2442 | D:4      | Noticed qw's ghost (amateur GrHu)
  2442 | D:4      | Found a runed translucent door.
  2466 | D:4      | 2466 ||| INVOKING Spit Poison.
  2479 | D:4      | 2479 ||| INVOKING Spit Poison.
  2541 | D:4      | 2541 ||| INVOKING Spit Poison.
  2544 | D:4      | 2544 ||| INVOKING Spit Poison.
  2546 | D:4      | Reached skill level 6 in Ranged Weapons
  2546 | D:4      | Reached XP level 6. HP: 30/56 MP: 6/6
  2642 | D:4      | 2642 ||| INVOKING Spit Poison.
  2644 | D:4      | Found a sacrificial altar of Ru.
  2651 | D:4      | 2651 ||| INVOKING Spit Poison.
  2721 | D:4      | Noticed an ice beast
  2728 | D:4      | Killed an ice beast
  2803 | D:4      | 2803 ||| INVOKING Spit Poison.
  2807 | D:4      | 2807 ||| INVOKING Spit Poison.
  2841 | D:4      | 2841 ||| INVOKING Spit Poison.
  2855 | D:4      | 2855 ||| INVOKING Spit Poison.
  3600 | D:5      | Entered Level 5 of the Dungeon
  3601 | D:5      | Noticed Ijyb
  3603 | D:5      | 3603 ||| INVOKING Spit Poison.
  3605 | D:5      | Reached XP level 7. HP: 63/66 MP: 7/7
  3607 | D:5      | 3607 ||| INVOKING Spit Poison.
  3609 | D:5      | Killed Ijyb
  3669 | D:5      | 3669 ||| INVOKING Spit Poison.
  3676 | D:5      | Found an ornate altar of the Wu Jian Council.
  3729 | D:5      | 3729 ||| INVOKING Spit Poison.
  3733 | D:5      | 3733 ||| INVOKING Spit Poison.
  3737 | D:5      | 3737 ||| INVOKING Spit Poison.
  3740 | D:5      | 3740 ||| INVOKING Spit Poison.
  3788 | D:5      | 3788 ||| INVOKING Spit Poison.
  3790 | D:5      | Reached skill level 7 in Ranged Weapons
  3792 | D:5      | 3792 ||| INVOKING Spit Poison.
  3795 | D:5      | 3795 ||| INVOKING Spit Poison.
  3807 | D:5      | 3807 ||| INVOKING Spit Poison.
  3814 | D:5      | Found a staircase to the Ecumenical Temple.
  3815 | D:5      | 3815 ||| PLANNING TEMPLE
  3822 | Temple   | Entered the Ecumenical Temple
  3823 | Temple   | 3823 ||| PLANNING OKAWARU WORSHIP
  3863 | Temple   | Became a worshipper of Warmaster Okawaru
  3864 | Temple   | 3864 ||| PLANNING D:1-11
  3974 | D:5      | 3974 ||| INVOKING Spit Poison.
  4138 | D:5      | 4138 ||| UPGRADING to +0 arbalest.
  4139 | D:5      | 4139 ||| DROPPING +2 heavy shortbow.
  4155 | D:5      | 4155 ||| INVOKING Spit Poison.
  4172 | D:5      | 4172 ||| INVOKING Spit Poison.
  4189 | D:5      | 4189 ||| INVOKING Spit Poison.
  4193 | D:5      | Reached XP level 8. HP: 73/73 MP: 8/8
  4233 | D:5      | Reached skill level 8 in Ranged Weapons
  4235 | D:5      | Found a snail-covered altar of Cheibriados.
  4274 | D:5      | 4274 ||| INVOKING Spit Poison.
  4278 | D:5      | 4278 ||| INVOKING Spit Poison.
  4279 | D:5      | Reached * piety under Okawaru
  4281 | D:5      | 4281 ||| INVOKING Spit Poison.
  4283 | D:5      | Reached skill level 1 in Invocations
  4286 | D:5      | 4286 ||| INVOKING Spit Poison.
  4377 | D:5      | Found a basalt altar of Yredelemnul.
  4471 | D:5      | 4471 ||| INVOKING Spit Poison.
  4475 | D:5      | 4475 ||| INVOKING Spit Poison.
  4479 | D:5      | 4479 ||| INVOKING Spit Poison.
  4483 | D:5      | 4483 ||| INVOKING Heroism.
  4484 | D:5      | 4484 ||| INVOKING Spit Poison.
  4603 | D:5      | 4603 ||| READING scroll labelled OGUANK BEJO.
  4604 | D:5      | 4604 ||| READING scroll labelled ISOERU XACE.
  4615 | D:6      | Noticed Eustachio
  4616 | D:6      | 4616 ||| INVOKING Heroism.
  4618 | D:6      | 4618 ||| INVOKING Spit Poison.
  4621 | D:6      | 4621 ||| INVOKING Spit Poison.
  4624 | D:6      | Killed Eustachio
  4626 | D:6      | 4626 ||| STAIRDANCE
  4658 | D:6      | 4658 ||| INVOKING Heroism.
  4659 | D:6      | 4659 ||| INVOKING Spit Poison.
  4664 | D:6      | 4664 ||| INVOKING Spit Poison.
  4668 | D:6      | 4668 ||| INVOKING Spit Poison.
  4692 | D:6      | 4692 ||| INVOKING Heroism.
  4695 | D:6      | 4695 ||| INVOKING Spit Poison.
  4698 | D:6      | 4698 ||| INVOKING Spit Poison.
  4699 | D:6      | Reached skill level 9 in Ranged Weapons
  4699 | D:6      | Reached skill level 3 in Invocations
  4713 | D:6      | Found a shimmering blue altar of Sif Muna.
  4757 | D:6      | 4757 ||| INVOKING Spit Poison.
  4801 | D:6      | 4801 ||| INVOKING Spit Poison.
  4835 | D:6      | 4835 ||| INVOKING Spit Poison.
  4835 | D:6      | Noticed Edmund
  4836 | D:6      | 4836 ||| INVOKING Heroism.
  4839 | D:6      | 4839 ||| INVOKING Spit Poison.
  4844 | D:6      | 4844 ||| INVOKING Spit Poison.
  4848 | D:6      | 4848 ||| INVOKING Heroism.
  4849 | D:6      | Killed Edmund
  4850 | D:6      | Reached skill level 1 in Armour
  4850 | D:6      | Reached XP level 9. HP: 49/81 MP: 7/12
  4850 | D:6      | 4850 ||| INVOKING Spit Poison.
  4959 | D:6      | Noticed Blork the orc
  4960 | D:6      | 4960 ||| INVOKING Heroism.
  4963 | D:6      | Killed Blork the orc
  5029 | D:6      | 5029 ||| INVOKING Heroism.
  5031 | D:6      | Reached skill level 3 in Dodging
  5062 | D:6      | Found a runed translucent gate.
  5062 | D:6      | Found a runed translucent gate.
  5062 | D:6      | Found a runed translucent gate.
  5073 | D:6      | Noticed qw's ghost (amateur GrFi)
  5074 | D:6      | Noticed qw's ghost (novice GrFi)
  5074 | D:6      | Found the +18 Lear's hauberk
  5133 | D:6      | 5133 ||| INVOKING Spit Poison.
  5146 | D:6      | 5146 ||| INVOKING Spit Poison.
  5148 | D:6      | HP: 12/82 [steam dragon] (12)]
  5149 | D:6      | 5149 ||| READING 4 scrolls of teleportation.
  5151 | D:6      | 5151 ||| INVOKING Spit Poison.
  5152 | D:6      | Engulfed by a steam dragon's steam

Levels and vault maps discovered:
D:1:      lightli_arrival_chessboard, layout_basic,
          shapermc_ecumenical_altar_acropolis
D:2:      minmay_roachtagon, layout_loops_corners, basic_altar,
          minmay_pentomino_q2, uniq_crazy_yiuf_cottage, uniq_natasha
D:3:      layout_rooms
D:4:      layout_basic, mainiacjoe_overflow_boulevard,
          hellmonk_ghost_happy_afterlife
D:5:      layout_cave_pods, cheibriados_altar_1, general_overflow_altar,
          mainiacjoe_overflow_alcove_4, minmay_temple_entry_sparse_star,
          minmay_misc_feat_ornament, uniq_ijyb
D:6:      layout_rooms, nicolae_sif_muna_condensation, gammafunk_ghost_cemetery,
          grunt_ministairs_14, uniq_edmund, uniq_blork_the_orc, uniq_eustachio
Temple:   nicolae_temple_ecumenical_triangle

Skill      XL: |  1  2  3  4  5  6  7  8  9 |
---------------+----------------------------+-----
Ranged Weapons | 4 5 6 7 9 |  9.0
Fighting       | 3 4 5 |  5.7
Dodging        | 2 3 |  3.0
Invocations    | 4 |  4.1
Armour         | 1 |  1.5
Stealth        | |  1.5

Action                     |  1- 3 |  4- 6 |  7- 9 || total
---------------------------+-------+-------+-------++-------
   Fire: Shortbow          |    34 |    83 |    27 ||   144
         Arbalest          |       |       |    87 ||    87
 Invoke: Heroism           |       |       |     8 ||     8
Ability: Spit Poison       |    15 |    29 |    38 ||    82
    Use: Scroll            |     5 |     5 |     3 ||    13
         Potion            |       |     2 |       ||     2
 Armour: Leather armour    |     1 |     7 |    31 ||    39
  Dodge: Dodged            |     1 |    23 |    50 ||    74

Table legend:
 A = Non-vault XP
 B = Vault XP
 C = Vault XP percentage of total XP
 D = Non-vault monster count
 E = Vault monster count
 F = Vault count percentage of total count
                 A         B        C        D         E       F
            +---------+---------+-------+---------+---------+-------
      Total |    2174 |     695 |  24.2 |     111 |      19 |  14.6
            +---------+---------+-------+---------+---------+-------
        D:1 |      32 |       0 |   0.0 |      17 |       0 |   0.0
        D:2 |     122 |      59 |  32.6 |      17 |      13 |  43.3
        D:3 |      78 |       0 |   0.0 |      17 |       0 |   0.0
        D:4 |     309 |       0 |   0.0 |      19 |       0 |   0.0
        D:5 |    1019 |      36 |   3.4 |      25 |       1 |   3.8
        D:6 |     614 |     600 |  49.4 |      16 |       5 |  23.8
            +---------+---------+-------+---------+---------+-------
